 Dungeon Crawl Stone Soup version 0.25.1-9-gc5326a611f (webtiles) character file.

Game seed: 6718151059084497024

205 funkygono the Skirmisher (level 5, -2/42 HPs)
             Began as a Demonspawn Abyssal Knight on Dec 31, 2020.
             Was a Priest of Lugonu.
             Slain by an ogre
             ... wielding a cursed +0 giant club
              (8 damage)
             ... on level 4 of the Dungeon on Jan 1, 2021.
             The game lasted 00:07:10 (4023 turns).

funkygono the Skirmisher (DsAK)                     Turns: 4023, Time: 00:07:11

Health: -2/42      AC: 10    Str: 13    XL:     5   Next: 53%
Magic:  7/7        EV:  6    Int: 14    God:    Lugonu [***...]
Gold:   125        SH:  0    Dex: 14    Spells: 4/4 levels left

rFire    . . .     SeeInvis .   j - +4 whip (drain)
rCold    . . .     Gourm    .   (no shield)
rNeg     . . .     Faith    .   e - +0 chain mail
rPois    .         Spirit   .   m - +0 helmet
rElec    .         Reflect  .   (no cloak)
rCorr    .         Harm     .   (no gloves)
MR       .....                  (no boots)
Stlth    ..........             (no amulet)
HPRegen  0.14/turn              (no ring)
MPRegen  0.10/turn              w - ring of flight

@: no status effects
A: thin skeletal structure 1, nightstalker 1
a: Depart the Abyss, Bend Space, Banish, Renounce Religion, Evoke Flight


You were on level 4 of the Dungeon.
You worshipped Lugonu.
Lugonu was most pleased with you.
You were not hungry.

You visited 1 branch of the dungeon, and saw 4 of its levels.
You visited the Abyss 1 time.

You collected 125 gold pieces.

Inventory:

Hand Weapons
 a - a +1 mace
 j - a +4 whip of draining (weapon)
 x - a +0 flail of draining
Missiles
 b - 25 bolts
 d - 150 stones (quivered)
 o - 16 poisoned darts
Armour
 e - a +0 chain mail (worn)
 m - a +0 helmet (worn)
Jewellery
 w - a ring of flight (right hand)
Wands
 u - a wand of clouds (2)
Scrolls
 p - a scroll of magic mapping
Potions
 f - a potion of lignification
 g - 2 potions of might
 h - a potion of mutation
 l - 2 potions of curing
 n - 5 potions of haste
 s - a potion of ambrosia {unknown}
Comestibles
 c - 10 rations
 i - a chunk of flesh


   Skills:
 + Level 4.0 Fighting
 + Level 3.4 Maces & Flails
 + Level 3.1 Armour
 + Level 1.5 Dodging
 + Level 2.8 Invocations


You had 4 spell levels left.
You didn't know any spells.
Your spell library was empty.

Dungeon Overview and Level Annotations

Branches:
Dungeon (4/15)             Temple (0/1) D:4

Altars:
Kikubaaqudgha
Trog


Innate Abilities, Weirdness & Mutations

You have a somewhat thin skeletal structure. (Dex +2, Stealth)
You are slightly more attuned to the shadows.


Message History

You see here a chunk of flesh.
You see here a chunk of flesh.
i - 3 chunks of flesh (gained 1)
You hit the ogre.
The ogre is lightly wounded.
The ogre hits you with a cursed +0 giant club!
Your chain mail prevents you from hitting the ogre.
The ogre is lightly wounded.
The ogre hits you with a cursed +0 giant club!
Some of the chunks of flesh in your inventory have rotted away.
You hit the ogre.
The ogre is lightly wounded.
You hit the ogre.
The ogre is moderately wounded.
The ogre hits you with a cursed +0 giant club!
* * * LOW HITPOINT WARNING * * *
You hit the ogre. You drain the ogre.
The ogre is severely wounded.
The ogre hits you with a cursed +0 giant club!
You die...

....## ......
...... #####
......
##<..##......
##....@O......
#.......##..#
..........#
.♣........#
.>........##
.♣........
..[.......
.......<..


You could see an ogre (drained).

Vanquished Creatures
  An orc priest (D:3)
  An iguana (D:2)
  Robin (D:3)
  4 adders (D:3)
  An ooze (D:1)
  2 worms (D:2)
  6 leopard geckos
  3 orcs (D:3)
  9 bats
  5 giant cockroaches
  16 goblins
  9 hobgoblins
  10 kobolds
  A quokka (D:2)
  2 ball pythons
  6 frilled lizards
  12 rats
89 creatures vanquished.

Notes
Turn   | Place    | Note
-------+----------+-------------------------------------------
     0 | Abyss:1  | funkygono the Demonspawn Abyssal Knight began the quest for
                  | the Orb.
     0 | Abyss:1  | Reached XP level 1. HP: 18/18 MP: 2/2
    26 | Abyss:1  | Found a corrupted altar of Lugonu.
    85 | Abyss:1  | Noticed an eye of draining
    90 | Abyss:1  | Noticed a neqoxec
    94 | Abyss:1  | Noticed a crimson imp
   100 | Abyss:1  | Noticed a large abomination
   104 | Abyss:1  | Noticed an orange demon
   110 | D:1      | Escaped the Abyss
   380 | D:1      | Gained mutation: You are slightly more attuned to the
                  | shadows. [demonic ancestry]
   380 | D:1      | Reached XP level 2. HP: 16/24 MP: 4/4
   384 | D:1      | Reached * piety under Lugonu
   859 | D:1      | Reached skill level 1 in Dodging
   945 | D:1      | Reached XP level 3. HP: 29/29 MP: 5/5
  2097 | D:2      | Reached ** piety under Lugonu
  2362 | D:2      | Reached XP level 4. HP: 36/37 MP: 6/6
  2466 | D:2      | Found a bloodstained altar of Trog.
  2478 | D:3      | Noticed Robin
  2506 | D:3      | Killed Robin
  2812 | D:3      | Gained mutation: You have a somewhat thin skeletal
                  | structure. (Dex +2, Stealth) [demonic ancestry]
  2812 | D:3      | Reached XP level 5. HP: 41/42 MP: 7/7
  2912 | D:3      | Found a faded altar of an unknown god.
  3134 | D:3      | Reached skill level 4 in Fighting
  3340 | D:3      | Reached *** piety under Lugonu
  3616 | D:3      | Found an ancient bone altar of Kikubaaqudgha.
  4006 | D:4      | Found a staircase to the Ecumenical Temple.
  4012 | D:4      | Noticed an ogre
  4023 | D:4      | Slain by an ogre

Illustrated notes

Levels and vault maps discovered:
D:1:      dpeg_arrival_prison, layout_basic
D:2:      layout_loops_cross, lightli_temple_of_fire, first_ration
D:3:      layout_loops_ring, lemuel_crystal_altar,
          chequers_ecumenical_altar_simple, serial_co_window_serial,
          co_window_paths_b, co_window_paths_b, co_window_paths_a,
          co_window_paths_a, co_window_of_opportunity_a, co_window_2corner,
          co_window_paths_c, co_window_cross_3, co_window_corner_ca,
          co_window_sun, glass_columns_b, glass_columns_a, glass_columns_c,
          moated_statue, minmay_three_crescents, uniq_robin
D:4:      layout_rooms, nicolae_overflow_hidden_temple,
          nicolae_ru_sacrificial_ziggurat, minmay_temple_entry_trees,
          uniq_grinder, uniq_duvessa

Skill      XL: |  1  2  3  4  5 |
---------------+----------------+-----
Maces & Flails | 2 3 |  3.4
Armour         | 2 3 |  3.1
Dodging        | 1 |  1.5
Fighting       | 4 |  4.0
Invocations    | |  2.8

Action                   |  1- 3 |  4- 6 || total
-------------------------+-------+-------++-------
Melee: Mace              |    23 |       ||    23
       Whip              |   141 |   102 ||   243
Invok: Depart the Abyss  |     1 |       ||     1
  Use: Scroll            |     5 |     9 ||    14
  Eat: Chunk             |     4 |     6 ||    10
Armor: Chain mail        |   183 |    60 ||   243
Dodge: Dodged            |    72 |    36 ||   108
